 Dungeon Crawl Stone Soup version 0.20.0-15-g7f486f2 (webtiles) character file.

1808 dvd the Chiller (level 8, 0/61 HPs)
             Began as a Demigod Ice Elementalist on June 11, 2017.
             Slain by a gnoll
             ... wielding a +0 whip
              (6 damage)
             ... on level 6 of the Dungeon.
             The game lasted 00:16:44 (6935 turns).

dvd the Chiller (Demigod Ice Elementalist)          Turns: 6935, Time: 00:16:45

Health: 0/61       AC:  9    Str: 15    XL:     8   Next: 54%
Magic:  2/19       EV: 14    Int: 19    God:
Gold:   308        SH:  0    Dex: 16    Spells: 7/17 levels left

rFire    + . .     SeeInvis +   E - +2 mace (crush)
rCold    + . .     Gourm    .   (no shield)
rNeg     . . .     Faith    .   a - +0 robe
rPois    .         Spirit   .   (no helmet)
rElec    .         Reflect  .   H - scarf {rC+ rF+}
rCorr    .         Harm     .   n - +0 pair of gloves
MR       .....                  (no boots)
Stlth    +++.......             p - amulet of rage
Regen    0.2/turn               f - ring of see invisible
MPRegen  0.2/turn               (no ring)

@: icy armour, slow
A: high mp 1
a: Evoke Berserk Rage


You were on level 6 of the Dungeon.
You were not hungry.

You visited 2 branches of the dungeon, and saw 8 of its levels.

You collected 308 gold pieces.

Inventory:

Hand Weapons
 g - a +0 dagger of venom
 h - a +0 hand axe
 o - a +1 dagger of flaming
 v - a +0 long sword
 y - a +0 war axe
 E - a +2 mace of crushing (weapon)
Armour
 a - a +0 robe (worn)
 i - a +0 ring mail
 n - a +0 pair of gloves (worn)
 H - a scarf of resistance (worn)
Jewellery
 f - a ring of see invisible (left hand)
 p - an amulet of rage (around neck)
 w - an uncursed amulet of magic regeneration
Wands
 z - a wand of paralysis (11/24)
 A - a wand of acid (8/15)
 D - a wand of scattershot (3/9)
Scrolls
 e - 4 scrolls of recharging {unknown}
 j - a scroll of magic mapping {unknown}
 k - 7 scrolls of identify {unknown}
 l - 3 scrolls of immolation {unknown}
 q - 2 scrolls of remove curse {unknown}
 r - a scroll of random uselessness {unknown}
 B - a scroll of brand weapon {unknown}
 C - 4 scrolls of enchant weapon {unknown}
 G - a scroll of enchant armour {unknown}
 I - a scroll of summoning {unknown}
 K - a scroll of teleportation {unknown}
 L - 2 scrolls of blinking {unknown}
Potions
 d - a potion of flight {unknown}
 s - a potion of lignification {unknown}
 t - a potion of degeneration {unknown}
 u - 3 potions of curing {unknown}
 x - a potion of berserk rage {unknown}
 F - 2 potions of haste {unknown}
 J - a potion of brilliance {unknown}
 N - a potion of agility {unknown}
Books
 b - a book of Frost

   Spells                             Type                      Level
   a - Freeze                         Ice                          1
   b - Throw Frost                    Conjuration/Ice              2
   c - Ozocubu's Armour               Charms/Ice                   3
   d - Throw Icicle                   Conjuration/Ice              4
   e - Summon Ice Beast               Ice/Summoning                4
 M - the Collected Works on the Escort and Clay
   (You found it on level 6 of the Dungeon)

   Spells                             Type                      Level
   a - Summon Butterflies             Summoning                    1
   b - Call Canine Familiar           Summoning                    3
   c - Leda's Liquefaction            Hexes/Earth                  4
   d - Summon Mana Viper              Hexes/Summoning              5
   e - Malign Gateway                 Summoning/Translocation      7
Comestibles
 c - 5 bread rations
 m - 4 meat rations


   Skills:
 + Level 2.1 Fighting
 + Level 1.1(1.7) Short Blades
 + Level 2.0(2.1) Long Blades
 + Level 0.5(1.5) Axes
 + Level 2.4 Maces & Flails
 + Level 3.4 Dodging
 + Level 3.5 Stealth
 + Level 5.3 Spellcasting
 + Level 2.5 Conjurations
 + Level 1.3 Charms
 + Level 5.8 Ice Magic
 + Level 0.3 Evocations


You had 7 spell levels left.
You knew the following spells:

 Your Spells              Type           Power        Failure   Level  Hunger
a - Freeze                Ice            ####         1%          1    None
b - Throw Frost           Conj/Ice       ###...       3%          2    None
c - Ozocubu's Armour      Chrm/Ice       ###.....     9%          3    ##.....
d - Throw Icicle          Conj/Ice       ###.....     22%         4    ####...


Dungeon Overview and Level Annotations

Branches:
Dungeon (7/15)             Temple (1/1) D:4

Shops:
D:4 ?   D:7 %


Innate Abilities, Weirdness & Mutations

You have an increased reservoir of magic. (+10% MP)


Message History

You climb upwards.
There is a stone staircase leading down here.
Unknown command.
You barely miss the gnoll.
The gnoll is severely wounded.
The gnoll hits you with a whip.
* * * LOW HITPOINT WARNING * * *
The gnoll barely misses you.
Casting: Freeze
Confirm with . or Enter, or press ? or * to list all spells.
A film of ice covers your body! The gnoll hits you with a whip.
* * * LOW HITPOINT WARNING * * *
You closely miss the gnoll.
The gnoll is severely wounded.
The gnoll hits you with a whip!
* * * LOW HITPOINT WARNING * * *
You barely miss the gnoll.
The gnoll is severely wounded.
The gnoll hits you with a whip.
You die...

################
#.....#.........
#.###.####.##### #.# #.#
#..(... #############
#.###.#####.####
#...........###...........#
#...........g@.....##.###.#
#...........#......##.# #.####
#...........#.........###.#...
#.....>...............+...#...
#.....................###.....
#...<....#.............#......
#.###...#.....#.......#.#.....
#.##....+#.......#.#.#.#......
#.###...#.......#.#.#.#.#.....


You could see a gnoll.

Vanquished Creatures
  Sigmund (D:2)
  A hungry ghost (D:5)
  Menkaure (D:7)
  3 sky beasts
  An eye of draining (D:7)
  2 phantoms (D:7)
  2 ogres (D:4)
  3 scorpions (D:4)
  2 bullfrog zombies
  A hound (D:4)
  A jelly (D:5)
  2 iguanas (D:5)
  Ijyb (D:5)
  6 worker ants
  A hound zombie (D:7)
  2 worker ant zombies
  A gnoll (D:7)
  4 adders
  2 oozes (D:6)
  4 adder zombies
  A worm (D:2)
  2 dart slugs (D:2)
  4 leopard geckos
  7 orcs
  A ball python (D:1)
  4 giant cockroaches
  8 goblins
  6 hobgoblins
  3 jackals (D:1)
  A quokka (D:4)
  2 bats
  6 frilled lizards
  A jackal zombie (D:4)
  7 kobolds
  3 leopard gecko skeletons
  2 leopard gecko zombies (D:4)
  2 quokka skeletons
  4 rats
  A bush (D:2)
  3 plants (D:2)
109 creatures vanquished.

Notes
Turn   | Place    | Note
-------+----------+-------------------------------------------
     0 | D:1      | dvd the Demigod Ice Elementalist began the quest for the Orb.
     0 | D:1      | Reached XP level 1. HP: 14/14 MP: 5/5
   319 | D:1      | Reached XP level 2. HP: 20/20 MP: 5/7
   392 | D:1      | Learned a level 2 spell: Throw Frost
  1164 | D:2      | Reached XP level 3. HP: 26/26 MP: 0/9
  1282 | D:2      | Reached skill level 1 in Conjurations
  1751 | D:2      | Learned a level 3 spell: Ozocubu's Armour
  1770 | D:2      | Noticed Sigmund
  1843 | D:2      | Killed Sigmund
  1843 | D:2      | Reached XP level 4. HP: 11/33 MP: 3/12
  1843 | D:2      | Reached XP level 5. HP: 12/38 MP: 3/13
  3094 | D:4      | Found a staircase to the Ecumenical Temple.
  3099 | Temple   | Entered the Ecumenical Temple
  3698 | D:4      | Noticed an ogre
  3704 | D:4      | Killed an ogre
  3704 | D:4      | Reached XP level 6. HP: 46/46 MP: 5/14
  3766 | D:4      | Found Likoc's Magic Scroll Shop.
  3877 | D:4      | Reached skill level 1 in Fighting
  3877 | D:4      | Reached skill level 1 in Short Blades
  4251 | D:4      | Reached XP level 7. HP: 52/52 MP: 3/16
  4258 | D:4      | Learned a level 4 spell: Throw Icicle
  4308 | D:4      | Reached skill level 1 in Long Blades
  4522 | D:5      | Entered Level 5 of the Dungeon
  4614 | D:5      | Noticed a hungry ghost
  4626 | D:5      | Killed a hungry ghost
  4626 | D:5      | Reached skill level 5 in Ice Magic
  4783 | D:5      | Noticed Ijyb
  4814 | D:5      | Killed Ijyb
  5232 | D:5      | Reached skill level 1 in Charms
  5885 | D:6      | Identified the Collected Works on the Escort and Clay
  5924 | D:6      | Reached XP level 8. HP: 48/59 MP: 18/18
  5947 | D:6      | Reached skill level 1 in Maces & Flails
  5947 | D:6      | Reached skill level 5 in Spellcasting
  6463 | D:7      | Noticed Menkaure
  6471 | D:7      | Killed Menkaure
  6856 | D:7      | Found Giobaoh's Food Shoppe.
  6935 | D:6      | Slain by a gnoll

Skill      XL: |  1  2  3  4  5  6  7  8 |
---------------+-------------------------+-----
Spellcasting   | 2 3 4 5 |  5.3
Ice Magic      | 3 4 5 |  5.8
Conjurations   | 1 2 |  2.5
Dodging        | 2 3 |  3.4
Stealth        | 2 3 |  3.5
Fighting       | 1 2 |  2.1
Short Blades   | 1 |  1.1
Long Blades    | 2 |  2.0
Charms         | 1 |  1.3
Maces & Flails | 2 |  2.4
Axes           | |  0.5
Evocations     | |  0.3

Action                   |  1- 3 |  4- 6 |  7- 9 || total
-------------------------+-------+-------+-------++-------
Melee: Hand axe          |    20 |    15 |       ||    35
       Dagger            |     9 |   168 |       ||   177
       Long sword        |       |    22 |    48 ||    70
       Mace              |       |       |    99 ||    99
 Cast: Freeze            |    33 |    27 |    40 ||   100
       Throw Frost       |    19 |    26 |    20 ||    65
       Ozocubu's Armour  |     2 |     9 |    15 ||    26
       Throw Icicle      |       |       |     3 ||     3
 Abil: Evoke Berserk Rag |       |       |     1 ||     1
 Stab: Sleeping          |     5 |     2 |     4 ||    11
  Eat: Chunk             |     4 |     7 |     3 ||    14
       Royal jelly       |       |     1 |     4 ||     5
       Meat ration       |       |       |     1 ||     1
Armor: Ring mail         |     2 |       |       ||     2
       Robe              |     7 |    25 |    58 ||    90
Dodge: Dodged            |    27 |    55 |   116 ||   198
       Rpst.: Long sword |       |    10 |    12 ||    22
